 Dungeon Crawl Stone Soup version 0.29-a0-775-g4d7333d4e2 (webtiles) character file.

Game seed: 11876390886536696923

2268 porpoise the Spear-Bearer (level 9, -4/69 (72) HPs)
             Began as a Merfolk Gladiator on July 2, 2022.
             Slain by an orc warrior
             ... wielding a +0 short sword
              (11 damage)
             ... on level 8 of the Dungeon.
             The game lasted 00:25:26 (10002 turns).

porpoise the Spear-Bearer (Merfolk Gladiator)      Turns: 10002, Time: 00:25:28

HP:   -4/69 (72)    AC:  7    Str: 18    XL:     9   Next: 38%
MP:   9/9           EV: 13    Int:  7    God:
Gold: 501           SH:  0    Dex: 22    Spells: 8/8 levels left

rFire   . . .      SeeInvis .   a - +0 trident
rCold   + . .      Faith    .   (no shield)
rNeg    . . .      Spirit   .   f - +0 ring mail
rPois   .          Reflect  .   c - +1 helmet
rElec   .          Harm     .   (no cloak)
rCorr   .          Rampage  .   (no gloves)
Will    .....                   (no boots)
Stlth   +.........              (no amulet)
HPRegen 0.21/turn               g - +6 ring of dexterity
MPRegen 0.11/turn               q - ring of protection from cold

@: lightly drained
A: (nimble swimmer 2), mertail
a: no special abilities


You were on level 8 of the Dungeon.
You visited 2 branches of the dungeon, and saw 9 of its levels.
You also visited: Sewer.

You collected 501 gold pieces.

Inventory:

Hand Weapons
 a - a +0 trident (weapon)
 b - a +0 sling
Missiles
 k - a throwing net
 n - a javelin
 p - 15 poisoned darts (quivered)
 I - 3 silver javelins
Armour
 c - a +1 helmet (worn)
 f - a +0 ring mail (worn)
 C - a +0 kite shield
Magical Staves
 y - a staff of poison
 z - a staff of death
Jewellery
 g - a +6 ring of dexterity (left hand)
 q - a ring of protection from cold (right hand)
 v - a ring of flight
 A - a +6 ring of intelligence
 D - a ring of ice
Wands
 u - a wand of paralysis (3)
 x - a wand of acid (3)
Scrolls
 i - 2 scrolls of fog
 m - 2 scrolls of blinking
 o - a scroll of vulnerability
 r - 2 scrolls of identify
 s - a scroll of enchant armour
 B - 4 scrolls of teleportation
 E - a scroll of enchant weapon {unknown}
 F - a scroll of immolation
 G - a scroll of amnesia
Potions
 d - a potion of cancellation
 e - 3 potions of curing
 h - a potion of resistance
 j - 5 potions of flight
 l - 2 potions of heal wounds
 t - 2 potions of brilliance
 H - a potion of mutation
 J - a potion of haste
 K - a potion of invisibility {unknown}


   Skills:
 - Level 7.0 Fighting
 + Level 11.0 Polearms
 - Level 2.0 Throwing
 + Level 3.5 Armour
 - Level 4.0 Dodging
 + Level 4.9 Evocations


You had 8 spell levels left.
You didn't know any spells.
Your spell library contained the following spells:

 Spells                   Type           Power      Damage    Failure   Level
 Magic Dart               Conj           0%         1d3       63%         1
 Necrotize                Necr           0%         1d4       63%         1
 Sting                    Tmut/Pois      0%         1d3       63%         1
 Call Imp                 Summ           0%         N/A       77%         2
 Ensorcelled Hibernation  Hex/Ice        0%         N/A       77%         2
 Passwall                 Tmut/Erth      0%         N/A       77%         2
 Poisonous Vapours        Pois/Air       0%         N/A       77%         2
 Dazzling Flash           Conj/Hex       0%         N/A       94%         3
 Gell's Gravitas          Tloc           0%         N/A       94%         3
 Mephitic Cloud           Conj/Pois/Air  0%         N/A       94%         3
 Swiftness                Air            0%         N/A       94%         3
 Teleport Other           Tloc           0%         N/A       94%         3
 Vampiric Draining        Necr           0%         2d6       94%         3
 Iskenderun's Mystic Bla  Conj/Tloc      0%         2d3       100%        4
 Olgreb's Toxic Radiance  Pois           0%         N/A       100%        4
 Agony                    Necr           0%         N/A       100%        5
 Dispersal                Tloc           0%         N/A       100%        6
 Starburst                Conj/Fire      0%         6d3       100%        6


Dungeon Overview and Level Annotations

Branches:
Dungeon (8/15)             Temple (1/1) D:4           Sewer (visited)
   Lair: D:8-11

Altars:
Ashenzari
Cheibriados
Dithmenos
Elyvilon
Fedhas
Gozag
Hepliaklqana
Kikubaaqudgha
Makhleb
Nemelex Xobeh
Okawaru
Qazlal
Ru
Sif Muna
Trog
Uskayaw
Vehumet
Wu Jian
Zin
The Shining One


Innate Abilities, Weirdness & Mutations

((You are very nimble when in or above water. (Stealth+, EV+, Speed+++)))
Your lower body shifts to a powerful aquatic tail in water.


Message History

The orc priest hits you but does no damage.
The orc warrior hits you with a +0 short sword!
You hit the orc priest but do no damage.
The orc priest is moderately wounded.
You hit the orc priest.
The orc priest is severely wounded.
The orc wizard hits you but does no damage.
The orc priest hits you but does no damage.
The orc warrior hits you with a +0 short sword.
You completely miss the orc priest.
The orc priest is severely wounded.
The orc wizard casts a spell at you. The puff of flame hits you!
* * * LOW HITPOINT WARNING * * *
The orc priest hits you with a +0 dagger.
* * * LOW HITPOINT WARNING * * *
The orc warrior closely misses you.
You feel much better. The orc wizard barely misses you.
The orc priest barely misses you. The orc warrior barely misses you.
You hit the orc priest but do no damage.
The orc priest is severely wounded.
The orc wizard hits you but does no damage.
The orc priest hits you with a +0 dagger.
The orc warrior completely misses you.
You hit the orc priest.
The orc priest is severely wounded.
You barely miss the orc priest.
The orc priest is severely wounded.
The orc wizard closely misses you.
The orc priest hits you with a +0 dagger.
The orc warrior hits you with a +0 short sword.
* * * LOW HITPOINT WARNING * * *
You hit the orc priest.
The orc priest is almost dead.
The orc wizard closely misses you.
The orc priest invokes the aid of Beogh against you.
Beogh smites you!
* * * LOW HITPOINT WARNING * * *
The orc warrior hits you with a +0 short sword!
You die...

#######
##.....#####
#..........#
#........... .#
#..$.....#
....######........#
#...#..#.......#
#..##....@..#
##.###..ooo[#
#.###......#
#..###.....# ##.#
#......
#.###......#
##.###......
###.###.......
#....# .......


You could see an orc warrior, an orc priest and an orc wizard.

Vanquished Creatures
  Grinder (D:6)
  Sigmund (D:2)
  3 vampire mosquitoes
  A black bear (D:7)
  An ogre (D:4)
  A gnoll sergeant (D:5)
  2 bullfrogs (Sewer)
  4 wights (D:8)
  2 howler monkeys
  3 hounds
  2 orc priests
  A jelly (D:4)
  Terence (D:2)
  Jessica (D:2)
  A scorpion zombie (D:3)
  4 iguanas
  8 orc wizards
  A hound skeleton (D:3)
  13 adders
  2 shadow imps
  4 white imps
  A worm (D:2)
  5 dart slugs
  20 orcs
  18 ball pythons
  12 endoplasms
  13 giant cockroaches
  3 goblins
  9 hobgoblins
  10 jackals
  7 kobolds
  14 quokkas
  6 bats
  11 frilled lizards
  5 rats
191 creatures vanquished.

Vanquished Creatures (others)
  4 plants (D:4)
  A withered plant (D:3)
5 creatures vanquished.

Grand Total: 196 creatures vanquished

Notes
Turn   | Place    | Note
-------+----------+-------------------------------------------
     0 | D:1      | porpoise the Merfolk Gladiator began the quest for the Orb.
     0 | D:1      | Reached XP level 1. HP: 16/16 MP: 1/1
   224 | D:1      | Reached XP level 2. HP: 23/23 MP: 2/2
   485 | D:1      | Reached XP level 3. HP: 29/29 MP: 3/3
   628 | D:1      | Reached skill level 5 in Polearms
   863 | D:2      | Noticed Terence
   866 | D:2      | Noticed Jessica
  1276 | D:2      | Killed Jessica
  1277 | D:2      | Reached XP level 4. HP: 21/37 MP: 4/4
  1486 | D:2      | Found a faded altar of an unknown god.
  1559 | D:2      | Noticed Sigmund
  1583 | D:2      | Killed Sigmund
  1584 | D:2      | Reached skill level 5 in Fighting
  1584 | D:2      | Reached skill level 6 in Polearms
  1584 | D:2      | Reached XP level 5. HP: 30/44 MP: 5/5
  1584 | D:2      | Reached XP level 6. HP: 35/51 MP: 6/6
  1784 | D:2      | Killed Terence
  2169 | D:3      | Found a glowing drain.
  2210 | D:3      | Reached skill level 7 in Polearms
  2281 | Sewer    | Entered a sewer
  2638 | Sewer    | Reached XP level 7. HP: 45/57 MP: 7/7
  3152 | D:3      | Reached skill level 8 in Polearms
  4839 | D:4      | Found a staircase to the Ecumenical Temple.
  4845 | Temple   | Entered the Ecumenical Temple
  5683 | D:5      | Entered Level 5 of the Dungeon
  5727 | D:5      | Reached skill level 1 in Evocations
  5732 | D:5      | Reached XP level 8. HP: 27/65 MP: 8/8
  5917 | D:5      | Reached skill level 9 in Polearms
  6571 | D:5      | Reached skill level 1 in Armour
  7046 | D:6      | Noticed Grinder
  7047 | D:6      | Paralysed by Grinder for 2 turns
  7073 | D:6      | Killed Grinder
  7377 | D:6      | Found a blossoming altar of Fedhas.
  7434 | D:6      | Found an ancient bone altar of Kikubaaqudgha.
  7458 | D:6      | Found a hazy altar of Hepliaklqana.
  8029 | D:7      | Reached skill level 10 in Polearms
  8475 | D:7      | Found a stormy altar of Qazlal.
  8863 | D:7      | Reached XP level 9. HP: 25/72 MP: 9/9
  9506 | D:8      | Found an opulent altar of Gozag.
  9777 | D:8      | Reached skill level 11 in Polearms
 10002 | D:8      | Slain by an orc warrior

Illustrated notes

Levels and vault maps discovered:
D:1:      dpeg_arrival_tiny_d, layout_loops_ring
D:2:      layout_basic, hellmonk_ecumenical_altar_inner_sanctum, uniq_sigmund,
          uniq_terence, uniq_jessica
D:3:      layout_loops_ring, gup_sewer_entry_glass, serial_undead,
          serial_undead_f, serial_undead_c, serial_undead_d, serial_undead_c
D:4:      layout_loops_corners, minmay_temple_entry_gardened_gates,
          lemuel_flame_loot_1
D:5:      layout_cave_pools, st_stairs_4
D:6:      layout_loops_cross, mainiacjoe_overflow_alcove_2,
          mainiacjoe_overflow_large_starburst, nicolae_titane, uniq_grinder
D:7:      layout_loops_cross, mainiacjoe_overflow_tiny_flanked,
          mrwooster_statue_mirror, minmay_misc_feat_cross
D:8:      layout_cave_pods, mainiacjoe_overflow_paths, serial_shops,
          nicolae_take_the_stairs, minmay_door_square, uniq_grum
Temple:   hellmonk_temple_two_chambers

Skill      XL: |  1  2  3  4  5  6  7  8  9 |
---------------+----------------------------+-----
Fighting       | 3 5 6 7 |  7.0
Polearms       | 5 6 7 8 10 11 | 11.0
Evocations     | 1 3 4 |  4.9
Armour         | 2 3 |  3.5
Throwing       | |  2.0
Dodging        | |  4.0

Action                   |  1- 3 |  4- 6 |  7- 9 || total
-------------------------+-------+-------+-------++-------
Melee: Trident           |   106 |   122 |   429 ||   657
       Punch             |       |     1 |     8 ||     9
 Fire: Sling             |     6 |    54 |    39 ||    99
Throw: Javelin           |     1 |     1 |       ||     2
       Throwing net      |       |     5 |       ||     5
Evoke: Wand              |       |       |     6 ||     6
  Use: Scroll            |       |     9 |    11 ||    20
       Potion            |       |     1 |     4 ||     5
 Stab: Held in net/web   |       |     2 |       ||     2
       Paralysed         |       |       |     1 ||     1
       Distracted        |       |       |     1 ||     1
Armor: Leather armour    |     1 |       |       ||     1
       Ring mail         |    24 |    32 |   114 ||   170
       Skin              |       |       |    43 ||    43
Dodge: Dodged            |    44 |    80 |   201 ||   325

Table legend: (Time is in decaauts)
 A = Elapsed time spent in this place.
 B = Non-inter-level travel time spent in this place.
 C = Inter-level travel time spent in this place.
 D = Time resting spent in this place.
 E = Time spent auto-exploring this place.
 F = Levels seen in this place.
 G = Mean time per level.
                   A        B        C        D        E       F      G
               +--------+--------+--------+--------+--------+-----+--------+
         Total |   9887 |   9686 |    201 |   3776 |   4339 |  10 |  988.7 |
       Dungeon |   9297 |   9101 |    196 |   3590 |   4234 |   8 | 1162.1 |
        Temple |     17 |     12 |      5 |      0 |     10 |   1 |   17.0 |
         Sewer |    572 |    572 |      0 |    186 |     95 |   1 |  572.0 |
               +--------+--------+--------+--------+--------+-----+--------+

Top non-repeatable levels by time:
     D:7: 1628 daAuts
     D:4: 1529 daAuts
     D:3: 1359 daAuts
     D:2: 1251 daAuts
     D:5: 1131 daAuts
     D:6: 941 daAuts
     D:1: 892 daAuts
   Sewer: 572 daAuts
     D:8: 562 daAuts
  Temple: 17 daAuts
